 Dungeon Crawl Stone Soup version 0.14-a0-1974-gdb6e453 (webtiles) character file.

121 4tharraofdagon the Sneak (level 3, -1/16 HPs)
             Began as a Spriggan Enchanter on Jan 18, 2014.
             Was an Initiate of Dithmengos.
             Killed from afar by an orc wizard (6 damage)
             ... with a magic dart
             ... on Level 5 of the Dungeon.
             The game lasted 00:03:52 (507 turns).

4tharraofdagon the Sneak (Spriggan Enchanter)        Turns: 507, Time: 00:03:52

HP  -1/16        AC  3     Str  5      XL: 3   Next: 16%
MP   8/10        EV 18     Int 16      God: Dithmengos [......]
Gold 86          SH  0     Dex 16      Spells:  3 memorised,  2 levels left

rFire  . . .     SeeInvis +     a - +1 dagger
rCold  . . .     Clarity  .     b - +1 robe
rNeg   . . .     Conserve .     (shield restricted)
rPois  .         rCorr    .     (helmet restricted)
rElec  .         rRot     .     (no cloak)
SustAb . .       Spirit   .     (gloves unavailable)
rMut   .         Warding  .     (boots unavailable)
Saprov . . .     Stasis   .     (no amulet)
MR     .....                    (no ring)
                                (no ring)

@: very quick, not resistant to hostile enchantments, quite stealthy
A: unfitting armour, see invisible, herbivore 3, speed 3, slow metabolism 2
a: Renounce Religion


You were on level 5 of the Dungeon.
You worshipped Dithmengos.
Dithmengos was noncommittal.
You were not hungry.

You visited 2 branches of the dungeon, and saw 6 of its levels.

You collected 86 gold pieces.

Inventory:

Hand weapons
 a - a +1,+1 dagger (weapon)
 g - a cursed +0,+0 bardiche
 j - a cursed -1 elven blowgun
 k - a +2,+0 elven short sword
Missiles
 d - 12 darts (quivered)
 l - 8 poisoned needles
Armour
 b - a +1 robe (worn)
Magical devices
 p - a wand of fire (7)
 q - a wand of flame (12)
Scrolls
 f - 5 scrolls of identify {unknown}
 h - 2 scrolls of teleportation {unknown}
 n - a scroll of curse weapon {unknown}
 o - a scroll of magic mapping {unknown}
 r - a scroll of fear {unknown}
Potions
 e - a potion of porridge
 m - a potion of paralysis {unknown}
Books
 c - a book of Maledictions

   Spells                             Type                      Level
   *Corona                            Hexes                        1
   Sure Blade                         Hexes/Charms                 2
   *Ensorcelled Hibernation           Hexes/Ice                    2
   *Confuse                           Hexes                        3
   Enslavement                        Hexes                        4
   Invisibility                       Hexes                        6
 i - a book of Beasts

   Spells                             Type                      Level
   Summon Butterflies                 Summoning                    1
   Sticks to Snakes                   Transmutation                2
   Call Canine Familiar               Summoning                    3
   Ice Form                           Ice/Transmutation            4
   Summon Ice Beast                   Ice/Summoning                4
   Summon Hydra                       Summoning                    7


   Skills:
 * Level 2.0 Short Blades
 - Level 1.1 Throwing
 + Level 3.3 Dodging
 * Level 4.1 Stealth
 + Level 3.0 Spellcasting
 + Level 3.8 Hexes


You had 2 spell levels left.
You knew the following spells:

 Your Spells              Type           Power        Failure   Level  Hunger
a - Corona                Hex            ##.....      4%          1    #......
b - Ensorcelled Hibernat  Hex/Ice        #.....       14%         2    ##.....
c - Confuse               Hex            ##......     12%         3    ###....


Dungeon Overview and Level Annotations

Branches:
Dungeon (5/16)             Temple (1/1) D:5

Altars:
Cheibriados
Dithmengos
Fedhas
Makhleb
Okawaru
Sif Muna
Yredelemnul

Shops:
D:4 *


Innate Abilities, Weirdness & Mutations

You are tiny and cannot use many weapons and most armour.
You have supernaturally acute eyesight.
You are a herbivore.
You cover ground extremely quickly.
You need consume almost no food.


Message History

You start memorising the spell.
You continue memorising.
You continue memorising.
You finish memorising.
An orc priest and an orc wizard come into view.
The orc priest shouts!
The orc wizard shouts!
An orc wizard comes into view. It is wielding an orcish dagger.
An orc comes into view.
Unknown command.
Unknown command.
Unknown command.
Unknown command.
Unknown command.
Unknown command.
The orc priest glows brightly for a moment.
Unknown command.
Unknown command.
There is a fountain of clear blue water here.
The orc wizard casts a spell at you. The magic dart hits you!
You die...

####..###########
#.............(.#
########.##..#####.###%###
####......o.##........# #...#####
#........###...######.###........
.......o## #.⌠.# #.....#.#####
#.......####...#### ##....#...
#.##o##.#.........# #..####### #
#. #.#.⌠..>..@.# #..# .
#.................. #o
#..###...########.#. # #.## #.⌠.#
#.#. ..# #...# #.# # ### #.###
#.# ... #.# #.##


You could see an orc wizard.

Vanquished Creatures
  A worker ant (D:5)
  4 hobgoblins (D:3)
  3 jackals (D:2)
  A kobold (D:4)
  An orc skeleton (D:4)
10 creatures vanquished.

Notes
Turn   | Place    | Note
--------------------------------------------------------------
     0 | D:1      | 4tharraofdagon, the Spriggan Enchanter, began the quest for the Orb.
     0 | D:1      | Reached XP level 1. HP: 9/9 MP: 4/4
    78 | D:2      | Found a burning altar of Makhleb.
    78 | D:2      | Noticed a hound
   133 | D:3      | Reached XP level 2. HP: 5/13 MP: 3/7
   137 | D:3      | Learned a level 2 spell: Ensorcelled Hibernation
   158 | D:3      | Noticed an orc wizard
   267 | D:4      | Noticed an ogre
   350 | D:4      | Found Tiucyffa's General Store.
   362 | D:5      | Entered Level 5 of the Dungeon
   420 | D:5      | Reached skill level 4 in Stealth
   420 | D:5      | Reached XP level 3. HP: 2/16 MP: 1/10
   428 | D:5      | Found a staircase to the Ecumenical Temple.
   452 | Temple   | Entered the Ecumenical Temple
   474 | Temple   | Became a worshipper of Dithmengos
   496 | D:5      | Learned a level 3 spell: Confuse
   507 | D:5      | Killed from afar by an orc wizard

Action                   || total
-------------------------++-------
Melee: Dagger            ||    39
 Cast: Corona            ||     8
       Ensorcelled Hiber ||     6
Evoke: Wand              ||     2
 Stab: Sleeping          ||     4
